 Dungeon Crawl Stone Soup version 0.19.5 (webtiles) character file.

80 Santreim the Shield-Bearer (level 4, -1/36 HPs)
             Began as a Minotaur Fighter on Mar 11, 2017.
             Killed from afar by Natasha (4 damage)
             ... with a magic dart
             ... on level 2 of the Dungeon.
             The game lasted 00:04:34 (1281 turns).

Santreim the Shield-Bearer (Minotaur Fighter)       Turns: 1281, Time: 00:04:35

Health: -1/36      AC: 12    Str: 18 (20) XL:     4   Next: 18%
Magic:  3/3        EV:  5    Int:  3 (5)  God:
Gold:   74         SH:  9    Dex: 11      Spells: 0 memorised, 3 levels left

rFire  . . .     SeeInvis .     a - +0 long sword
rCold  . . .     Gourm    .     n - +0 chain mail
rNeg   . . .     Faith    .     c - +0 shield
rPois  .         Spirit   .     (helmet restricted)
rElec  .         Reflect  .     (no cloak)
rCorr  .         Harm     .     (no gloves)
MR     .....                    (no boots)
Stlth  ..........               (no amulet)
                                (no ring)
                                l - +3 ring of protection

@: no status effects
A: retaliatory headbutt, horns 2, frail 1
a: no special abilities


You were on level 2 of the Dungeon.
You were not hungry.

You visited 1 branch of the dungeon, and saw 2 of its levels.

You collected 74 gold pieces.

Inventory:

Hand Weapons
 a - a +0 long sword (weapon)
Missiles
 m - 3 tomahawks (quivered)
Armour
 c - a +0 shield (worn)
 n - a +0 chain mail (worn)
Jewellery
 l - a +3 ring of protection (left hand)
Scrolls
 e - a scroll of amnesia {unknown}
 g - 2 scrolls of identify
 j - 2 scrolls of blinking {unknown}
Potions
 b - a potion of lignification {unknown}
 d - a potion of might
 h - a potion of berserk rage {unknown}
 i - a potion of degeneration
 k - a potion of heal wounds {unknown}
Comestibles
 f - a bread ration


   Skills:
 + Level 4.3 Fighting
 + Level 3.3 Long Blades
 + Level 4.1 Armour
 + Level 0.4 Dodging
 + Level 4.6 Shields


You had 3 spell levels left.
You didn't know any spells.

Dungeon Overview and Level Annotations

Branches:
Dungeon (2/15)

Altars:
Cheibriados

Annotations:
D:2 Natasha


Innate Abilities, Weirdness & Mutations

You reflexively headbutt those who attack you in melee.
You have a pair of horns on your head.
You are frail. (-10% HP)


Message History

The crimson imp blinks!
Natasha casts a spell at you. You resist with some effort.
Found a scroll labeled SAETUPL HEMIZ.
Okay, then.
Okay, then.
Found 10 gold pieces.
Natasha mumbles some strange words.
The crimson imp blinks!
Natasha claws you but does no damage.
You hit Natasha.
Natasha is moderately wounded.
You block the crimson imp's attack.
The crimson imp blinks!
Natasha claws you.
* * * LOW HITPOINT WARNING * * *
You hit Natasha.
Natasha is heavily wounded.
The crimson imp disappears in a puff of smoke!
Natasha stares at you and mumbles some strange words.
The magic dart hits you!
You die...

######## ##?.....##
##........#########
#..........##.....#
#......@...##.....#
#......h§..##.....#####
#.$........##.5.......#
#.........§#%)#.......#
##........(..##.......#
#............##.......#
#.............#....(..##
#..........#..#....)....
#.............#.......##


You could see Natasha.

Vanquished Creatures
  Natasha (D:2)
  A gnoll (D:1)
  An adder (D:2)
  A worm (D:2)
  A leopard gecko (D:2)
  3 ball pythons
  A bat (D:2)
  A giant cockroach (D:1)
  5 goblins
  A hobgoblin (D:1)
  3 jackals (D:1)
  4 kobolds
  A quokka (D:2)
  4 frilled lizards (D:1)
  4 rats
  3 toadstools (D:1)
35 creatures vanquished.

Vanquished Creatures (others)
  A toadstool (D:1)
1 creature vanquished.

Grand Total: 36 creatures vanquished

Notes
Turn   | Place    | Note
-------+----------+-------------------------------------------
     0 | D:1      | Santreim the Minotaur Fighter began the quest for the Orb.
     0 | D:1      | Reached XP level 1. HP: 19/19 MP: 0/0
   169 | D:1      | Reached XP level 2. HP: 26/27 MP: 1/1
   234 | D:1      | Found a snail-covered altar of Cheibriados.
   491 | D:1      | Gained mutation: You are weak. (Str -2) [potion of mutation]
   491 | D:1      | Lost mutation: You are weak. (Str -2) [potion of mutation]
   491 | D:1      | Gained mutation: You are frail. (-10% HP) [potion of mutation]
   769 | D:2      | Reached XP level 3. HP: 21/29 MP: 2/2
  1234 | D:2      | Noticed Natasha
  1251 | D:2      | Killed Natasha
  1251 | D:2      | Reached XP level 4. HP: 4/36 MP: 3/3
  1262 | D:2      | Noticed Natasha
  1281 | D:2      | Killed from afar by Natasha

Skill      XL: |  1  2  3 |
---------------+----------+-----
Shields        | 4 |  4.6
Fighting       | 4 |  4.3
Long Blades    | 3 |  3.3
Armour         | 4 |  4.1
Dodging        | |  0.4

Action                   |  1- 3 |  4- 6 || total
-------------------------+-------+-------++-------
Melee: Long sword        |   114 |     6 ||   120
       Headbutt          |    12 |       ||    12
  Use: Potion            |     5 |       ||     5
       Scroll            |     1 |       ||     1
  Eat: Chunk             |       |     2 ||     2
Armor: Scale mail        |    14 |       ||    14
       Chain mail        |    52 |     6 ||    58
Dodge: Dodged            |    36 |       ||    36
Block: Shield            |    60 |     4 ||    64
       Rpst.: Long sword |     7 |       ||     7
